 Dungeon Crawl Stone Soup version 0.29.1-1-gd02db6906a (webtiles) character file.

Game seed: 3474835087300880250

14216 Demigod47 the Bludgeoner (level 11, -4/99 HPs)
             Began as a Minotaur Fighter on Oct 18, 2022.
             Was a High Priest of Okawaru.
             Slain by a boulder beetle (40 damage)
             ... on level 11 of the Dungeon.
             The game lasted 00:23:30 (14856 turns).

Demigod47 the Bludgeoner (Minotaur Fighter)        Turns: 14856, Time: 00:23:31

Health: -4/99      AC: 26    Str: 28    XL:     11   Next: 85%
Magic:  10/10      EV:  9    Int:  4    God:    Okawaru [*****.]
Gold:   498        SH:  6    Dex: 16    Spells: 10/10 levels left

rFire   . . .      SeeInvis +   t - +2 flail (holy)
rCold   . . .      Faith    .   c - +0 buckler
rNeg    + . .      Spirit   .   r - +1 plate armour
rPois   +          Reflect  .   (helmet restricted)
rElec   .          Harm     .   k - +2 cloak {rPois}
rCorr   .          Rampage  .   q - +0 pair of gloves
Will    +++..      Clarity  +   E - +1 pair of boots
Stlth   ..........              B - amulet of the Four Winds {rN+ Will+++ Clar}
HPRegen 0.26/turn               d - +6 ring of dexterity
MPRegen 0.12/turn               (no ring)

@: studying Short Blades
A: horns 2, retaliatory headbutt, iridescent scales 1, see invisible, strong 1
a: Renounce Religion, Heroism, Finesse, Duel


You were on level 11 of the Dungeon.
You worshipped Okawaru.
Okawaru was extremely pleased with you.
You visited 2 branches of the dungeon, and saw 12 of its levels.

You collected 723 gold pieces.
You spent 225 gold pieces at shops.

Inventory:

Hand Weapons
 a - a +0 flail
 t - a +2 flail of holy wrath (weapon)
Armour
 c - a +0 buckler (worn)
 k - a +2 cloak of poison resistance (worn)
 q - a +0 pair of gloves (worn)
 r - a +1 plate armour (worn)
 E - a +1 pair of boots (worn)
Jewellery
 d - a +6 ring of dexterity (left hand)
 y - a ring of wizardry
 z - a ring of wizardry
 B - the amulet of the Four Winds (around neck) {rN+ Will+++ Clar}
   (You found it on level 10 of the Dungeon)

   [amulet of nothing]

   rN:        It protects you from negative energy.
   Clar:      It protects you against confusion.
   Will:      It greatly increases your willpower.
Wands
 n - a wand of roots (18)
 o - a wand of flame (67)
 C - a wand of digging (6)
Scrolls
 f - 2 scrolls of blinking
 h - 2 scrolls of torment
 i - 5 scrolls of poison
 j - 3 scrolls of fear
 l - 2 scrolls of teleportation
 m - 3 scrolls of amnesia
 s - 2 scrolls of enchant weapon
 u - 3 scrolls of noise
 v - a scroll of immolation
 w - a scroll of identify
Potions
 e - 5 potions of curing
 g - 2 potions of mutation
 p - a potion of invisibility
 A - a potion of brilliance
 D - a potion of haste
Miscellaneous
 x - a phial of floods


   Skills:
 + Level 9.7 Fighting
 * Level 15.5 Maces & Flails
 + Level 12.1 Armour
 + Level 3.6 Dodging
 + Level 1.3 Stealth
 + Level 8.2 Shields


You had 10 spell levels left.
You didn't know any spells.
Your spell library contained the following spells:

 Spells                   Type           Power      Damage    Failure   Level
 Apportation              Tloc           0%         N/A       99%         1
 Foxfire                  Conj/Fire      0%         2x1d4     99%         1
 Necrotise                Necr           0%         1d4       99%         1
 Ensorcelled Hibernation  Hex/Ice        0%         N/A       100%        2
 Sublimation of Blood     Necr           0%         N/A       100%        2
 Conjure Flame            Conj/Fire      0%         6-21      100%        3
 Ignite Poison            Fire/Tmut/Pois 0%         N/A       100%        3
 Inner Flame              Hex/Fire       0%         N/A       100%        3
 Spider Form              Tmut/Pois      0%         N/A       100%        3
 Anguish                  Hex/Necr       0%         N/A       100%        4
 Cause Fear               Hex            0%         N/A       100%        4
 Flame Wave               Conj/Fire      0%         2d4       100%        4
 Sticky Flame             Conj/Fire      0%         2d3       100%        4
 Dragon Form              Tmut           0%         N/A       100%        7
 Summon Small Mammal      Summ           Unusable   N/A       N/A         1
 Animate Dead             Necr           Unusable   N/A       N/A         4
 Dragon's Call            Summ           Unusable   N/A       N/A         9

Dungeon Overview and Level Annotations

Branches:
Dungeon (11/15)            Temple (1/1) D:7            Lair (0/5) D:11
    Orc (0/2) D:11

Altars:
Ashenzari
Cheibriados
Dithmenos
Elyvilon
Gozag
Kikubaaqudgha
Makhleb
Okawaru
Ru
Sif Muna
Trog
Uskayaw
Wu Jian
Yredelemnul
Zin

Shops:
D:11 [

Annotations:
D:7 2 transporters, kalagan's ghost, novice DECj
D:11 3 runed translucent doors, Peon's ghost, journeyman MiBe


Innate Abilities, Weirdness & Mutations

You have a pair of horns on your head.
You reflexively headbutt those who attack you in melee.
You are partially covered in iridescent scales. (AC +2)
You have supernaturally acute eyesight. (SInv)
Your muscles are strong. (Str +4, Int/Dex -1)


Message History

You headbutt the white ugly thing.
The white ugly thing is almost dead.
The white ugly thing punches you but does no damage.
You bludgeon the white ugly thing!!
You kill the white ugly thing!
Okawaru accepts your kill. The orc hits you but does no damage.
The boulder beetle bites you! The orc hits you but does no damage.
The orc attacks as you move away! The orc closely misses you.
The boulder beetle bites you.
The orc suddenly complains, as Orcs often do.
You hit the orc. You headbutt the orc.
The orc is heavily wounded.
The orc wizard hits you but does no damage.
The orc hits you but does no damage.
You sock the orc!
You kill the orc!
Okawaru accepts your kill.
The orc wizard hits you but does no damage.
The boulder beetle leaps!
The boulder beetle curls into a ball and begins rolling!
You block the orc wizard's attack.
You see here a +0 short sword.
You hit the orc wizard. Your headbutt misses the orc wizard.
The orc wizard is moderately wounded.
The orc wizard hits you but does no damage.
The orc hits you but does no damage.
The orc wizard hits you but does no damage.
You hit the orc wizard.
The orc wizard is heavily wounded.
You sock the orc wizard!
You kill the orc wizard!
Okawaru accepts your kill. The orc wizard closely misses you.
You block the orc's attack.
You hit the orc wizard.
The orc wizard is lightly wounded.
The orc wizard points at you and mumbles some strange words.
The puff of flame hits you but does no damage.
The boulder beetle hits you!!!
You die...

#### #..################
#..#...............
#.°#...............
##.°#.........##....
##[.°))o.....).......
#...B#).#!........... ###
#..#@#○.#............ ##.#
##..oo#..(............
#..###.....################
#...#.....##...........##.#
#...#.....##..........##... ###
#.........#...........###.. ##.#
#....#....#..#.............
#..###.[..#..#....#)........##..
##...#..#....##....#..#......##..


You could see a boulder beetle (rolling), an orc wizard and an orc.

Vanquished Creatures
  4 two-headed ogres
  The ghost of caveywoolpert the Ruffian, a novice TrGl (D:7)
  Pikel (D:4)
  An ugly thing (D:11)
  A kobold demonologist (D:10)
  2 trolls
  2 shadows (D:11)
  A wyvern (D:9)
  A vampire (D:11)
  2 wraiths (D:10)
  11 yaks
  4 fire bats (D:10)
  3 hogs (D:10)
  A human (D:10)
  Grum (D:10)
  2 vampire mosquitoes (D:11)
  A steam dragon (D:10)
  An acid dragon (D:11)
  A water moccasin (D:9)
  A hell hound (D:9)
  2 sky beasts
  5 orc warriors
  A black bear (D:6)
  2 wolves
  An ogre (D:5)
  A phantom (D:6)
  7 kobold brigands
  2 centaurs
  An elf zombie (D:7)
  3 bullfrogs (D:9)
  6 scorpions
  3 necrophages
  4 gnoll sergeants
  An elf skeleton (D:7)
  12 wights
  8 killer bees (D:7)
  2 howler monkeys (D:9)
  2 electric eels (D:10)
  A centaur zombie (D:7)
  2 human zombies (D:7)
  A jelly (D:7)
  4 hounds
  10 orc priests
  Crazy Yiuf (D:6)
  Natasha (thrice) (D:4)
  5 iguanas
  16 orc wizards
  A howler monkey zombie (D:7)
  17 gnolls
  7 adders
  2 river rats (D:4)
  A white imp (D:7)
  2 ufetubi
  2 worms (D:2)
  A dart slug (D:2)
  40 orcs
  7 endoplasms
  5 giant cockroaches
  13 goblins
  4 hobgoblins
  4 jackals
  4 quokkas
  8 ball pythons
  8 bats
  5 frilled lizards
  32 kobolds
  An orc skeleton (D:7)
  An orc zombie (D:7)
  5 rats
318 creatures vanquished.

Vanquished Creatures (others)
  3 fire vortices (D:10)
  3 fungi
  6 plants (D:8)
12 creatures vanquished.

Grand Total: 330 creatures vanquished

Notes
Turn   | Place    | Note
-------+----------+-------------------------------------------
     0 | D:1      | Demigod47 the Minotaur Fighter began the quest for the Orb.
     0 | D:1      | Reached XP level 1. HP: 19/19 MP: 0/0
   152 | D:1      | Reached XP level 2. HP: 16/27 MP: 1/1
   670 | D:1      | Found a faded altar of an unknown god.
   689 | D:1      | Prayed at the altar of an unknown god.
   689 | D:1      | Became a worshipper of Kikubaaqudgha
   689 | D:1      | Reached * piety under Kikubaaqudgha
   689 | D:1      | Received a gift from Kikubaaqudgha
   696 | D:1      | Fell from the grace of Kikubaaqudgha
   971 | D:2      | Reached skill level 3 in Maces & Flails
   971 | D:2      | Reached XP level 3. HP: 32/33 MP: 2/2
  1210 | D:2      | Reached XP level 4. HP: 39/40 MP: 3/3
  1860 | D:2      | Gained mutation: You have hidden genetic potential. [potion
                  | of mutation]
  1860 | D:2      | Gained mutation: Your muscles are strong. (Str +4, Int/Dex
                  | -1) [potion of mutation]
  2660 | D:4      | Noticed a lemure
  2661 | D:4      | Noticed Pikel
  2661 | D:4      | Noticed a lemure
  2661 | D:4      | Noticed a lemure
  2661 | D:4      | Noticed a lemure
  2680 | D:4      | Killed Pikel
  2681 | D:4      | Reached skill level 6 in Maces & Flails
  2681 | D:4      | Reached skill level 5 in Armour
  2681 | D:4      | Reached skill level 1 in Dodging
  2681 | D:4      | Reached XP level 5. HP: 30/47 MP: 4/4
  2681 | D:4      | Reached XP level 6. HP: 34/53 MP: 5/5
  2681 | D:4      | Reached XP level 7. HP: 38/60 MP: 6/6
  2693 | D:4      | Gained mutation: You are partially covered in iridescent
                  | scales. (AC +2) [hidden potential]
  2819 | D:4      | Reached skill level 7 in Maces & Flails
  2990 | D:4      | Noticed Natasha
  3014 | D:4      | Killed Natasha
  3036 | D:4      | Found a bloodstained altar of Trog.
  3466 | D:4      | Noticed Natasha
  3470 | D:4      | Killed Natasha
  3823 | D:4      | Noticed Natasha
  3841 | D:4      | Killed Natasha
  3842 | D:4      | Reached skill level 5 in Fighting
  4111 | D:5      | Entered Level 5 of the Dungeon
  4129 | D:5      | Reached skill level 8 in Maces & Flails
  4132 | D:5      | Reached skill level 1 in Stealth
  4132 | D:5      | Reached XP level 8. HP: 43/68 MP: 7/7
  4378 | D:5      | Gained mutation: You have supernaturally acute eyesight.
                  | (SInv) [hidden potential]
  4378 | D:5      | Lost mutation: You have hidden genetic potential. [hidden
                  | potential expressed]
  4763 | D:5      | Found the +7 Singing Sword {vorpal, sonic wave}
  4782 | D:5      | Reached skill level 9 in Maces & Flails
  5909 | D:6      | Reached skill level 10 in Maces & Flails
  6371 | D:6      | Reached skill level 5 in Shields
  6590 | D:6      | Reached XP level 9. HP: 25/71 MP: 8/8
  6723 | D:6      | Was forgiven by Kikubaaqudgha
  6967 | D:6      | Found a runed translucent door.
  6968 | D:6      | Noticed Crazy Yiuf
  7047 | D:6      | Reached skill level 11 in Maces & Flails
  7183 | D:6      | Killed Crazy Yiuf
  7302 | D:7      | Noticed an unseen horror
  7302 | D:7      | Noticed a deep elf pyromancer
  7302 | D:7      | Noticed a kobold demonologist
  7302 | D:7      | Noticed kalagan's ghost (novice DECj)
  7310 | D:7      | Found a transporter.
  7360 | D:7      | Found a transporter.
  7366 | D:7      | Found a staircase to the Ecumenical Temple.
  7383 | Temple   | Entered the Ecumenical Temple
  7397 | Temple   | Became a worshipper of Warmaster Okawaru
  7899 | D:7      | Reached skill level 12 in Maces & Flails
  8157 | D:7      | Found a runed translucent gate.
  8157 | D:7      | Found a runed translucent gate.
  8157 | D:7      | Found a runed translucent gate.
  8157 | D:7      | Noticed caveywoolpert's ghost (novice TrGl)
  8159 | D:7      | Found a basalt altar of Yredelemnul.
  8287 | D:7      | Found a sacrificial altar of Ru.
  8456 | D:7      | Noticed a troll
  8467 | D:7      | Killed a troll
  8467 | D:7      | Reached * piety under Okawaru
  8834 | D:7      | Reached skill level 13 in Maces & Flails
  9100 | D:7      | Killed caveywoolpert's ghost
  9100 | D:7      | Reached ** piety under Okawaru
  9101 | D:7      | Reached XP level 10. HP: 77/84 MP: 9/9
  9923 | D:8      | Found a glowing silver altar of Zin.
 10493 | D:9      | Reached skill level 14 in Maces & Flails
 10744 | D:9      | Reached *** piety under Okawaru
 11232 | D:10     | Entered Level 10 of the Dungeon
 11531 | D:10     | Noticed a two-headed ogre
 11549 | D:9      | Killed a two-headed ogre
 12061 | D:10     | Received a gift from Okawaru
 12139 | D:10     | Noticed a two-headed ogre
 12149 | D:10     | Killed a two-headed ogre
 12149 | D:10     | Reached **** piety under Okawaru
 12164 | D:10     | Reached skill level 10 in Armour
 12169 | D:10     | Noticed a two-headed ogre
 12184 | D:10     | Killed a two-headed ogre
 12185 | D:10     | Reached XP level 11. HP: 53/94 MP: 10/10
 12349 | D:10     | Noticed Grum
 13130 | D:10     | Killed Grum
 13144 | D:10     | Reached skill level 15 in Maces & Flails
 13272 | D:11     | Found a staircase to the Lair.
 13286 | D:10     | Reached ***** piety under Okawaru
 13303 | D:10     | Found the amulet of the Four Winds {rN+ Will+++ Clar}
 13761 | D:10     | Received a gift from Okawaru
 14089 | D:11     | Found a runed translucent gate.
 14089 | D:11     | Found a runed translucent gate.
 14089 | D:11     | Found a runed translucent gate.
 14091 | D:11     | Noticed Peon's ghost (journeyman MiBe)
 14198 | D:11     | Noticed a two-headed ogre
 14211 | D:11     | Killed a two-headed ogre
 14514 | D:11     | Found Kixzaanu's Antique Armour Boutique.
 14518 | D:11     | Bought a pair of glowing boots for 225 gold pieces
 14814 | D:11     | Found a staircase to the Orcish Mines.
 14815 | D:11     | Noticed a white ugly thing
 14817 | D:11     | Noticed a boulder beetle
 14846 | D:11     | Killed a white ugly thing
 14856 | D:11     | Slain by a boulder beetle

Illustrated notes

Levels and vault maps discovered:
D:1:      dpeg_arrival_snail, layout_basic, dreamdust_ecumenical_altar_grove
D:2:      layout_loops_cross, serial_bayou_pond_b, minmay_mini_jars
D:3:      layout_loops_ring, minmay_misc_feat_cross
D:4:      layout_basic, mainiacjoe_overflow_small_starburst,
          gup_sewer_entry_bubbles, uniq_pikel, uniq_natasha
D:5:      old_forge, layout_loops_corners
D:6:      layout_basic, uniq_crazy_yiuf_cottage
D:7:      layout_basic, nicolae_yredelemnul_ghost_church,
          nicolae_ru_path_of_blood, minmay_temple_entry_crystal_x,
          nzn_ghost_randoct, nicolae_ossuary_entry_catacombs,
          kennysheep_nondescript, minmay_manual_mail
D:8:      layout_rooms, zin_academy, nicolae_grassy_gnolls
D:9:      layout_loops_corners
D:10:     layout_big_octagon, grunt_livestock, hangedman_incinerator, uniq_grum
D:11:     layout_cave_pools, lair_entry_dummy, erik_orc_1, serial_shops,
          kennysheep_mini_moat, gammafunk_ghost_nasty_kobolds, minivault_19
Temple:   nicolae_temple_bog_church

Skill      XL: |  1  2  3  4  5  6  7  8  9 10 11 |
---------------+----------------------------------+-----
Armour         | 4 5 6 7 8 10 12 | 12.1
Shields        | 4 5 6 7 8 |  8.2
Maces & Flails | 3 6 8 10 13 14 15 | 15.5
Fighting       | 4 5 6 8 9 |  9.7
Dodging        | 1 2 3 |  3.6
Stealth        | 1 |  1.3

Action                   |  1- 3 |  4- 6 |  7- 9 | 10-12 || total
-------------------------+-------+-------+-------+-------++-------
Melee: Flail             |    86 |    47 |   399 |   434 ||   966
       Headbutt          |     8 |     6 |    72 |    99 ||   185
Invok: Renounce Religion |     1 |       |       |       ||     1
  Use: Potion            |       |     6 |     2 |     2 ||    10
       Scroll            |       |     3 |     1 |    10 ||    14
Armor: Scale mail        |    45 |    23 |    77 |       ||   145
       Plate armour      |       |       |   105 |   411 ||   516
Dodge: Dodged            |    56 |    17 |   137 |   208 ||   418
Block: Buckler           |    27 |     9 |    90 |   187 ||   313
